 Dungeon Crawl Stone Soup version 0.32-a0-685-g93135e86f0 (webtiles) character file.

Game seed: 17604523933461859491

16 twTrunk the Chopper (level 2, -1/24 HPs)
             Began as a Coglin Berserker on Mar 12, 2024.
             Was a Follower of the Shining One.
             Slain by a polar bear (3 damage)
             ... created by the rage of Trog
             ... on level 1 of the Dungeon.
             The game lasted 00:01:03 (641 turns).

twTrunk the Chopper (Coglin Berserker)               Turns: 641, Time: 00:01:04

Health: -1/24      AC:  2    Str: 17    XL:     2   Next: 58%
Magic:  2/2        EV: 12    Int:  6    God:    the Shining One [*.....]
Gold:   32         SH:  0    Dex: 13    Spells: 1/1 levels left

rFire   . . .        a - +0 hand axe {Tae}
rCold   . . .        c - +0 dagger {Nakurtum}
rNeg    . . .        b - +0 animal skin
rPois   .            (no helmet)
rElec   .            (no cloak)
rCorr   .            (no gloves)
SInv    .            (no boots)
Will    .....        (amulet unavailable)
Stlth   +            (ring unavailable)
HPRegen 0.24/turn    (ring unavailable)
MPRegen 0.08/turn    (no gizmo)

%: no passive effects
@: glowing
A: off-hand wielding, slow wielding, warmup strikes, no jewellery
a: Invent Gizmo, Renounce Religion, Divine Shield


You were on level 1 of the Dungeon.
You worshipped the Shining One.
The Shining One was aware of your devotion.
You visited 1 branch of the dungeon, and saw 1 of its levels.

You collected 32 gold pieces.

Inventory:

Hand Weapons
 a - a +0 hand axe (weapon) {Tae}
 c - a +0 dagger (offhand) {Nakurtum}
Armour
 b - a +0 animal skin (worn)
Scrolls
 g - a scroll of enchant armour {unknown}
 h - a scroll of silence {unknown}
 j - a scroll of fear {unknown}
 k - a scroll of identify {unknown}
Potions
 d - a potion of lignification {unknown}
 e - a potion of mutation {unknown}
 f - 2 potions of heal wounds {unknown}
 i - a potion of magic {unknown}


   Skills:
 + Level 3.2 Fighting
 + Level 3.2 Axes
 + Level 2.0 Armour
 + Level 2.0 Dodging


You had one spell level left.
You didn't know any spells.
Your spell library was empty.

Dungeon Overview and Level Annotations

Branches:
Dungeon (1/15)

Altars:
The Shining One


Innate Abilities, Weirdness & Mutations

You can wield a second weapon in your off-hand.
It takes a long time for you to wield or remove held weapons.
Your first few attacks do less damage.
You cannot equip rings or amulets.


Message History

Found a stone staircase leading down.
The hobgoblin shouts!
A hobgoblin is nearby!
Found 2 gold pieces.
The hobgoblin closely misses you.
You barely miss the hobgoblin with your +0 hand axe.
You hit the hobgoblin with your +0 dagger.
The hobgoblin barely misses you.
You hit the hobgoblin but do no damage.
The hobgoblin is almost dead.
You hit the hobgoblin with your +0 hand axe.
You kill the hobgoblin!
No target in view!
No target in view!
You now have 32 gold pieces (gained 2).
A bat comes into view.
A bat is nearby!
A bat is nearby!
The bat closely misses you. The bat hits you but does no damage.
The bat misses you.
You closely miss the bat with your +0 hand axe.
You hit the bat but do no damage. The bat closely misses you.
You barely miss the bat with your +0 hand axe.
You hit the bat with your +0 dagger.
You kill the bat!
No target in view!
No target in view!
No target in view!
Trog sends monsters to punish you. 3 polar bears come into view.
There are monsters nearby!
There are monsters nearby!
The polar bear rages.
The polar bear attacks as it pursues you!
The polar bear completely misses you. The polar bear claws you.
The polar bear closely misses you. The polar bear bites you!
Ouch! That really hurt!
* * * LOW HITPOINT WARNING * * *
The polar bear closely misses you. x3; The polar bear claws you.
You die...

....# #..># ....# ###.####
...#.. #.....# ###...
#.....# .. #.....#
####..#### ######.....#
#######......###.#
.............# #@#########
#............# #hh.......#
..##'##......###h........#
..#...#......#...........#
..#.ß.#........#.........#
..#...#......#############
..##+##..##.##
.........#..#
....###....##


You could see 3 polar bears.

Vanquished Creatures
  A ball python (D:1)
  2 bats (D:1)
  2 endoplasms (D:1)
  A giant cockroach (D:1)
  3 hobgoblins (D:1)
  2 frilled lizards (D:1)
  A kobold (D:1)
  3 rats (D:1)
15 creatures vanquished.

Notes
Turn   | Place    | Note
-------+----------+-------------------------------------------
     0 | D:1      | twTrunk the Coglin Berserker began the quest for the Orb.
     0 | D:1      | Reached XP level 1. HP: 18/18 MP: 1/1
   231 | D:1      | Reached XP level 2. HP: 16/24 MP: 2/2
   308 | D:1      | Found a faded altar of an unknown god.
   353 | D:1      | Prayed at the altar of an unknown god.
   353 | D:1      | Fell from the grace of Trog
   353 | D:1      | Became a worshipper of the Shining One
   353 | D:1      | Reached * piety under the Shining One
   639 | D:1      | Noticed a polar bear
   639 | D:1      | Noticed a polar bear
   639 | D:1      | Noticed a polar bear
   641 | D:1      | Slain by a polar bear

Illustrated notes

Levels and vault maps discovered:
D:1:      dpeg_arrival_oval, layout_basic,
          hellmonk_ecumenical_altar_pennies_from_heaven, minmay_misc_feat_room,
          minmay_tromino_v4_b

Skill      XL: |  1  2 |
---------------+-------+-----
Armour         | 2 |  2.0
Dodging        | 2 |  2.0
Fighting       | |  3.2
Axes           | |  3.2

Action                     || total
---------------------------++-------
  Melee: Hand axe          ||    37
         Dagger            ||    37
 Armour: Animal skin       ||    33
  Dodge: Dodged            ||    26

Table legend: (Time is in decaauts)
 A = Elapsed time spent in this place.
 B = Non-inter-level travel time spent in this place.
 C = Inter-level travel time spent in this place.
 D = Time resting spent in this place.
 E = Time spent auto-exploring this place.
 F = Levels seen in this place.
 G = Mean time per level.
                   A        B        C        D        E       F      G
               +--------+--------+--------+--------+--------+-----+--------+
         Total |    647 |    647 |      0 |      0 |    523 |   1 |  647.0 |
       Dungeon |    647 |    647 |      0 |      0 |    523 |   1 |  647.0 |
               +--------+--------+--------+--------+--------+-----+--------+

Top non-repeatable levels by time:
     D:1: 647 daAuts
